Map: Neon Violet Square LE

Players

UrbanPL

  • Race: Terran Terran
  • League: Platinum
  • Spawn Location: 5:00

darkterror - Winner!

  • Race: Zerg Zerg
  • League: Gold
  • Spawn Location: 11:00

VOD

Have the link to the VOD?

Description

Time

  • Played on: Jan. 16, 2018, 9:39 p.m.
  • Length: 17:54
Show
View Real Time Build Order
Export as new Build Order

UrbanPL Terran 

Build Orders: MMM Bio 

Get SALT Encoding   

  12  0:02  SCV  
  13  0:24  Supply Depot, SCV  
  14  0:38  SCV  
  15  0:47  Barracks  
  15  0:51  SCV  
  16  1:07  Barracks  
  16  1:10  SCV  
  17  1:14  Supply Depot  
  17  1:22  SCV  
  18  1:37  Marine  
  19  1:41  Bunker  
  19  2:00  Marine, Command Center  
  19  2:01  Marine  
  21  2:11  SCV, Refinery  
  22  2:23  SCV  
  24  2:31  Marine, Refinery  
  24  2:42  SCV  
  25  2:51  Barracks Tech Lab  
  25  2:54  SCV  
  26  3:06  SCV  
  27  3:13  Barracks  
  27  3:16  Marine x2  
  27  3:18  Stimpack  
  29  3:20  SCV  
  29  3:24  SCV  
  31  3:29  Supply Depot  
  31  3:35  SCV  
  31  3:36  Marine  
  31  3:37  Marine  
  34  3:47  SCV  
  35  3:53  Supply Depot  
  35  3:58  Engineering Bay  
  35  4:01  Barracks Tech Lab  
  35  4:04  Factory  
  35  4:09  Marine  
  36  4:10  Marine  
  36  4:15  Orbital Command  
  37  4:18  SCV  
  37  4:23  Marine  
  39  4:27  Marine x2  
  39  4:28  Terran Infantry Weapons Level 1  
  39  4:30  SCV  
  42  4:34  Combat Shields  
  42  4:50  Marine x3  
  45  4:53  Factory Tech Lab  
  45  4:56  SCV  
  46  5:07  SCV  
  46  5:09  SCV  
  48  5:19  SCV  
  48  5:21  SCV, Starport  
  50  5:24  Starport  
  50  5:26  Siege Tank  
  53  5:31  SCV  
  53  5:33  SCV  
  55  5:43  Marine x2  
  55  5:44  Marine  
  55  5:45  SCV  
  59  5:57  SCV, Refinery  
  59  5:59  SCV, Refinery  
  61  6:04  Marine  
  62  6:12  Supply Depot  
  62  6:19  Missile Turret  
  62  6:31  Orbital Command  
  62  6:33  Marine, SCV  
  62  6:35  Supply Depot  
  64  6:43  Viking x2  
  68  6:53  Supply Depot, Siege Tank  
  71  6:55  Marine x2  
  71  6:58  Supply Depot  
  73  7:08  Marine  
  74  7:11  Terran Infantry Armor Level 1  
  74  7:13  Marine x2  
  76  7:15  Supply Depot  
  76  7:33  Armory  
  76  7:42  Supply Depot  
  76  7:44  Siege Tank  
  76  7:47  Marine x3  
  76  7:50  Medivac x2  
  86  8:04  Supply Depot  
  86  8:27  Supply Depot  
  86  9:14  Marine x2  
  86  9:15  Marine  
  86  9:16  Siege Tank  
  92  9:19  Medivac x2  
  96  9:47  Marine x3  
  96  9:49  Medivac x2, Terran Infantry Weapons Level 2  
  103  9:54  Engineering Bay  
  103  9:55  Thor  
  109  10:04  Marine  
  109  10:05  Marine x2  
  112  10:22  Factory, Marine x3  
  112  10:26  Supply Depot  
  115  10:40  Marine x3  
  118  10:45  Thor  
  118  10:48  Supply Depot  
  124  10:58  Marine x3  
  127  11:10  Supply Depot  
  127  11:11  Terran Vehicle And Ship Armor Level 1  
  127  11:16  Marine x3  
  130  11:21  Command Center  
  130  11:23  Medivac  
  130  11:24  Medivac  
  134  11:28  Thor  
  140  11:35  Supply Depot  
  140  11:59  Supply Depot  
  140  12:06  Marine x2  
  140  12:07  Marine  
  143  12:11  Thor  
  143  12:14  Factory Tech Lab  
  143  12:15  Supply Depot  
  149  12:29  Supply Depot  
  149  12:35  Terran Infantry Armor Level 2, Terran Infantry Weapons Level 3  
  149  12:43  Thor  
  155  12:52  Supply Depot  
  155  13:05  Terran Vehicle Weapons Level 1  
  155  13:12  Thor  
  161  13:14  Marine x2  
  163  13:26  Thor  
  134  13:41  Marine  
  134  13:42  Marine  
  136  13:51  Barracks  
  136  13:55  Thor  
  142  13:59  Marine x2  
  142  14:00  Medivac  
  146  14:09  Thor  
  152  14:15  Refinery  
  152  14:17  Marine x2  
  154  14:35  Marine x2  
  156  14:44  Siege Tank  
  159  14:52  Marine  
  159  14:53  Marine  
  159  14:59  Terran Vehicle And Ship Armor Level 2  
  161  15:16  Siege Tank  
  164  15:48  Siege Tank  
  61  16:39  Marine x3  
  46  16:41  Thor  
  46  16:42  Thor  
  46  16:44  Viking x2  
  59  16:57  Marine x3  
  59  16:59  Refinery  
  62  17:14  Marine  
  62  17:15  Marine x2  
  67  17:32  Marine  
Show
View Real Time Build Order
Export as new Build Order

darkterror Zerg - Winner!

Build Orders: Hatch First, Lurkers 

Get SALT Encoding   

  12  0:02  Drone  
  13  0:14  Overlord  
  13  0:18  Drone  
  14  0:32  Drone x2  
  16  0:36  Drone  
  17  0:56  Hatchery  
  16  0:59  Drone  
  16  1:02  Drone  
  18  1:15  Extractor  
  18  1:18  Spawning Pool  
  16  1:23  Drone x2  
  18  1:30  Drone  
  19  1:50  Overlord  
  19  2:07  Drone x2  
  19  2:08  Queen  
  21  2:11  Queen  
  21  2:14  Drone x2  
  27  2:30  Evolution Chamber  
  27  2:33  Roach Warren  
  25  2:38  Drone x2  
  25  2:39  Evolution Chamber  
  25  2:43  Drone  
  27  2:47  Drone x3  
  30  2:57  Overlord x2  
  30  3:06  Extractor  
  30  3:07  Drone  
  30  3:09  Drone  
  31  3:21  Zerg Missile Weapons Level 1  
  31  3:24  Zerg Ground Armor Level 1  
  32  3:27  Drone x3  
  34  3:35  Drone x5  
  39  4:00  Lair  
  39  4:05  Extractor  
  39  4:07  Extractor, Drone  
  39  4:08  Drone x2  
  40  4:10  Drone x3  
  40  4:14  Drone x4  
  47  4:23  Overlord x2  
  47  4:25  Hatchery  
  46  4:58  Glial Reconstitution  
  46  5:13  Roach  
  46  5:14  Roach x10  
  66  5:21  Overlord x2  
  68  5:35  Zerg Missile Weapons Level 2  
  68  5:36  Zerg Ground Armor Level 2  
  68  5:43  Drone  
  68  5:44  Drone  
  68  5:46  Drone x2  
  68  5:47  Drone x5  
  77  5:56  Queen  
  79  6:00  Drone x5  
  84  6:05  Extractor  
  84  6:10  Extractor  
  82  6:12  Drone x3  
  85  6:20  Infestation Pit  
  84  6:43  Overlord x3  
  84  6:44  Overlord  
  84  7:01  Overlord  
  84  7:23  Overseer  
  84  7:30  Hydralisk Den  
  83  7:46  Roach x9  
  83  7:49  Overlord x3  
  83  7:50  Overlord x2  
  101  7:57  Hive  
  101  8:11  Hydralisk  
  101  8:12  Hydralisk x14  
  131  8:57  Hydralisk  
  131  8:58  Hydralisk x2  
  131  9:02  Overlord x3  
  137  9:03  Overlord  
  137  9:30  Lurker Den  
  136  9:37  Spire  
  135  9:42  Ravager  
  135  9:43  Ravager x19  
  155  9:50  Muscular Augments  
  155  9:58  Overlord x5  
  155  10:16  Hatchery  
  154  10:34  Overseer x2  
  154  11:00  Zerg Missile Weapons Level 3  
  154  11:02  Zerg Ground Armor Level 3  
  154  11:09  Lurker x5  
  154  11:10  Lurker  
  154  11:11  Lurker x2  
  162  11:51  Greater Spire  
  162  12:01  Drone x3  
  162  12:03  Drone  
  162  12:04  Drone x2  
  162  12:07  Queen  
  170  12:17  Extractor  
  170  12:22  Extractor  
  168  13:03  Corruptor x6  
  168  13:04  Corruptor x2  
  124  13:55  Brood Lord  
  126  13:56  Brood Lord  
  126  13:57  Brood Lord x2  
  126  13:58  Brood Lord  
  126  13:59  Brood Lord  
  126  14:00  Brood Lord  
  126  14:01  Brood Lord  
  140  14:10  Hydralisk  
  140  14:11  Hydralisk x25  
  140  14:12  Hydralisk x4  
  200  15:39  Hatchery  
  128  16:52  Roach x12  
Tags
 
Add a new tag
Caveats
  • Supply blocks, unpowered buildings, or Contaminate may cause inaccurate times.
  • Supply counts are checked every 10 seconds.